 Dungeon Crawl Stone Soup version 0.30.0-30-g96aa6591b8 (webtiles) character file.

Game seed: 6298234759361958804

1633 croobank the Insei (level 8, -2/54 HPs)
             Began as a Gnoll Transmuter on June 30, 2023.
             Was a Believer of Hepliaklqana.
             Killed themself with a badly aimed iceblast (15 damage)
             ... on level 6 of the Dungeon.
             The game lasted 00:23:02 (5550 turns).

croobank the Insei (Gnoll Transmuter)               Turns: 5550, Time: 00:23:03

Health: -2/54      AC: -17   Str: 15    XL:     8   Next: 98%
Magic:  17/17      EV: 15    Int: 15    God:    Hepliaklqana [**....]
Gold:   445        SH:  0    Dex: 17    Spells: 16/19 levels left

rFire   . . .        F - +6 halberd of the Muttering Lamprey {flame, *Rage rElec Dex+4}
rCold   + + .        (shield currently unavailable)
rNeg    . . .        b - +2 robe of New Discoveries {rC++}
rPois   .            s - +0 helmet
rElec   +            f - +0 cloak
rCorr   .            (no gloves)
SInv    .            (no boots)
Will    .....        (no amulet)
Stlth   ++           q - +6 ring of strength
HPRegen 0.29/turn    (no ring)
MPRegen 0.15/turn

%: random rage (20%)
@: silenced, corroded
A: reduced essence, fangs 1, strong nose, distributed training
a: Renounce Religion


You were on level 6 of the Dungeon.
You worshipped Hepliaklqana.
Hepliaklqana was pleased with you.
You visited 1 branch of the dungeon, and saw 6 of its levels.
You also visited: Sewer.

You collected 445 gold pieces.

Inventory:

Hand Weapons
 c - a +0 falchion
 e - a +4 dagger
 g - a +0 mace
 i - a +0 rapier of venom
 n - a +0 scimitar
 r - a +1 trident of venom
 D - a +3 vampiric hand axe
 F - the +6 halberd of the Muttering Lamprey (weapon) {flame, *Rage rElec Dex+4}
   (You found it on level 5 of the Dungeon)

   Dex:       It affects your dexterity (+4).
   rElec:     It insulates you from electricity.
   *Rage:     It berserks you when you make melee attacks (+20% chance).
 G - the +1 scimitar of Aqem {heavy, rN+}
   (You found it on level 5 of the Dungeon)

   rN:        It protects you from negative energy.
Missiles
 k - 5 boomerangs
 p - 3 javelins
Armour
 b - the +2 robe of New Discoveries (worn) {rC++}
   (You found it on level 3 of the Dungeon)

   rC:        It greatly protects you from cold.
 f - a +0 cloak (worn)
 s - a +0 helmet (worn)
Jewellery
 q - a +6 ring of strength (left hand)
Wands
 d - a wand of mindburst (13)
 u - a wand of iceblast (11)
 E - a wand of light (1)
Scrolls
 a - 3 scrolls of identify
 t - a scroll of silence
 w - a scroll of enchant weapon
 x - a scroll of vulnerability {unknown}
 y - a scroll of poison {unknown}
 A - a scroll of amnesia
 B - a scroll of noise {unknown}
 C - a scroll of fog {unknown}
Potions
 h - a potion of lignification
 j - 4 potions of curing
 l - 5 potions of flight
 m - a potion of ambrosia
 o - 4 potions of might
 v - 2 potions of mutation
 z - a potion of attraction


   Skills:
 + Level 4.7 Fighting
 + Level 3.9 Short Blades
 + Level 3.9 Long Blades
 + Level 3.9 Axes
 + Level 3.9 Maces & Flails
 + Level 3.9 Polearms
 + Level 3.9 Staves
 + Level 3.9 Ranged Weapons
 + Level 3.9 Throwing
 + Level 3.9 Armour
 + Level 6.1 Dodging
 + Level 3.9 Stealth
 + Level 3.9 Shields
 + Level 7.7 Unarmed Combat
 + Level 6.4 Spellcasting
 + Level 3.2 Conjurations
 + Level 3.2 Hexes
 + Level 3.2 Summonings
 + Level 3.2 Necromancy
 + Level 3.2 Translocations
 + Level 5.0 Transmutations
 + Level 3.2 Fire Magic
 + Level 3.2 Ice Magic
 + Level 3.2 Air Magic
 + Level 3.2 Earth Magic
 + Level 3.2 Poison Magic
 + Level 4.2 Invocations
 + Level 3.9 Evocations


You had 16 spell levels left.
You knew the following spells:

 Your Spells              Type           Power      Damage    Failure   Level
a - Beastly Appendage     Tmut           38%        N/A       1%          1
b - Wereblood             Tmut           19%        N/A       2%          2

Your spell library contained the following spells:

 Spells                   Type           Power      Damage    Failure   Level
 Passwall                 Tmut/Erth      14%        N/A       4%          2
 Ensorcelled Hibernation  Hex/Ice        28%        N/A       6%          2
 Spider Form              Tmut/Pois      17%        N/A       8%          3
 Dazzling Flash           Conj/Hex       28%        N/A       12%         3
 Stone Arrow              Conj/Erth      28%        3d8       12%         3
 Swiftness                Air            14%        N/A       12%         3
 Ice Form                 Ice/Tmut       17%        N/A       26%         4
 Animate Armour           Summ/Erth      28%        N/A       36%         4
 Agony                    Necr           14%        N/A       71%         5
 Silence                  Hex/Air        7%         N/A       71%         5
 Lehudib's Crystal Spear  Conj/Erth      7%         10d3      100%        8


Dungeon Overview and Level Annotations

Branches:
Dungeon (6/15)              Sewer (visited)
 Temple: D:4-7

Altars:
Elyvilon
Hepliaklqana
Kikubaaqudgha
Makhleb
Ru
Vehumet

Shops:
D:4 (

Annotations:
D:3 2 transporters, mkat's ghost, amateur DrWn


Innate Abilities, Weirdness & Mutations

Your life essence is reduced to manifest your ancestor. (-10% HP)
You have very sharp teeth.
Your uncanny sense of smell can sniff out nearby items.
Your experience applies equally to all skills.


Message History

The rust devil is lightly wounded.
Okay, then.
You barely miss the rust devil.
The rust devil is lightly wounded.
The rust devil hits you. The rust devil corrodes you!
The rust devil barely misses you.
You hit the rust devil but do no damage.
The rust devil is lightly wounded.
The rust devil completely misses you. The rust devil hits you.
The rust devil corrodes you! The rust devil hits you.
The rust devil corrodes you! The rust devil hits you!
The rust devil corrodes you!
Okay, then.
Okay, then.
Okay, then.
Okay, then.
Okay, then.
Okay, then.
Okay, then.
Okay, then.
Okay, then.
As you read the scroll labelled VANAUS MOOXTA, it crumbles to dust.
A profound silence engulfs you.
It was a scroll of silence.
The rust devil hits you! The rust devil corrodes you! The rust devil hits you!
* * * LOW HITPOINT WARNING * * *
The rust devil corrodes you!
Magic scrolls do not work when you're silenced!
Unknown command.
Okay, then.
Aiming: Iceblast
Press: ? - help, Shift-Dir - straight line, f/p - rust devil
Aim: a rust devil (silenced, lightly wounded) That beam is likely to hit you.
Continue anyway?
The mass of ice explodes!
The iceblast engulfs the rust devil but does no damage.
The rust devil is lightly wounded.
The iceblast engulfs the rust devil.
The rust devil partially resists.
The rust devil is lightly wounded.
The iceblast engulfs you! You partially resist.
You die...

#............#
∆∆
##........#####
##....##..##...
∆
#........##...
#.......##..#..
#...<....'...#
#........'...#
#...44..##..#.
#...@....##...
##........##..
####..)...#####
##..........#
#........#.##
##......##(# ∆
#.##.### ##
####.# ∆ ### ∆


You could see 2 rust devils.

Vanquished Creatures
  A water moccasin (D:3)
  2 orc warriors (D:5)
  A sky beast (D:6)
  A black bear (D:4)
  2 ogres
  A phantom (D:4)
  A bullfrog (D:6)
  4 scorpions
  3 jellies
  4 hounds
  3 iguanas
  An orc wizard (D:6)
  10 adders
  A river rat (D:3)
  A white imp (D:6)
  4 worms
  5 dart slugs
  5 orcs
  9 ball pythons
  6 bats
  7 endoplasms
  4 giant cockroaches
  6 goblins
  9 hobgoblins
  10 kobolds
  3 quokkas
  3 frilled lizards
  5 rats
  A spectral orc (D:3)
113 creatures vanquished.

Vanquished Creatures (collateral kills)
  A centaur (D:6)
  An orc priest (D:6)
  An orc (D:6)
3 creatures vanquished.

Vanquished Creatures (others)
  2 battlemagi
2 creatures vanquished.

Grand Total: 118 creatures vanquished

Notes
Turn   | Place    | Note
-------+----------+-------------------------------------------
     0 | D:1      | croobank the Gnoll Transmuter began the quest for the Orb.
     0 | D:1      | Reached XP level 1. HP: 17/17 MP: 6/6
    98 | D:1      | Reached XP level 2. HP: 15/23 MP: 7/7
   180 | D:1      | Learned a level 2 spell: Wereblood
   579 | D:1      | Reached skill level 5 in Spellcasting
   579 | D:1      | Reached XP level 3. HP: 20/28 MP: 5/9
  1113 | D:2      | Reached skill level 1 in Short Blades
  1113 | D:2      | Reached skill level 1 in Long Blades
  1113 | D:2      | Reached skill level 1 in Axes
  1113 | D:2      | Reached skill level 1 in Maces & Flails
  1113 | D:2      | Reached skill level 1 in Polearms
  1113 | D:2      | Reached skill level 1 in Staves
  1113 | D:2      | Reached skill level 1 in Ranged Weapons
  1113 | D:2      | Reached skill level 1 in Throwing
  1113 | D:2      | Reached skill level 1 in Armour
  1113 | D:2      | Reached skill level 1 in Stealth
  1113 | D:2      | Reached skill level 1 in Shields
  1113 | D:2      | Reached skill level 1 in Invocations
  1113 | D:2      | Reached skill level 1 in Evocations
  1113 | D:2      | Reached XP level 4. HP: 30/34 MP: 8/11
  1157 | D:2      | Found an ancient bone altar of Kikubaaqudgha.
  1391 | D:2      | Identified the +0 robe of the Shining Light {Str+3}
  1695 | D:3      | Reached skill level 1 in Conjurations
  1695 | D:3      | Reached skill level 1 in Hexes
  1695 | D:3      | Reached skill level 1 in Summonings
  1695 | D:3      | Reached skill level 1 in Necromancy
  1695 | D:3      | Reached skill level 1 in Translocations
  1695 | D:3      | Reached skill level 1 in Fire Magic
  1695 | D:3      | Reached skill level 1 in Ice Magic
  1695 | D:3      | Reached skill level 1 in Air Magic
  1695 | D:3      | Reached skill level 1 in Earth Magic
  1695 | D:3      | Reached skill level 1 in Poison Magic
  1698 | D:3      | Found a transporter.
  1698 | D:3      | Noticed mkat's ghost (amateur DrWn)
  1702 | D:3      | Found a transporter.
  1728 | D:3      | Noticed a water moccasin
  1759 | D:3      | Killed a water moccasin
  1760 | D:3      | Reached XP level 5. HP: 12/41 MP: 12/12
  1894 | D:3      | Identified the +2 robe of New Discoveries {rC++}
  2057 | D:3      | Found a glowing drain.
  2091 | D:3      | Reached skill level 5 in Dodging
  2091 | D:3      | Reached XP level 6. HP: 36/47 MP: 14/14
  2146 | Sewer    | Entered a sewer
  2802 | D:3      | Found a hazy altar of Hepliaklqana.
  2823 | D:3      | Became a worshipper of Hepliaklqana the Forgotten
  3003 | D:4      | Found Eseujovo's Weapon Boutique.
  3327 | D:4      | Reached skill level 7 in Unarmed Combat
  3327 | D:4      | Reached XP level 7. HP: 50/52 MP: 12/15
  3954 | D:4      | Found a white marble altar of Elyvilon.
  4318 | D:5      | Entered Level 5 of the Dungeon
  4328 | D:5      | Found a sacrificial altar of Ru.
  4403 | D:5      | Reached XP level 8. HP: 58/60 MP: 13/16
  4419 | D:5      | Reached * piety under Hepliaklqana
  4422 | D:5      | Found a burning altar of Makhleb.
  4563 | D:5      | Found a radiant altar of Vehumet.
  5164 | D:6      | Reached ** piety under Hepliaklqana
  5165 | D:6      | Remembered your ancestor Cipactli as a battlemage
  5346 | D:5      | Noticed a rust devil
  5346 | D:5      | Noticed a rust devil
  5351 | D:5      | Reached skill level 5 in Transmutations
  5519 | D:5      | Identified the +6 halberd of the Muttering Lamprey {flame,
                  | *Rage rElec Dex+4}
  5525 | D:5      | Identified the +1 scimitar of Aqem {heavy, rN+}
  5550 | D:6      | Killed themself with a badly aimed iceblast

Illustrated notes

Levels and vault maps discovered:
D:1:      lemuel_arrival_tunnels, layout_basic
D:2:      layout_loops_ring, basic_altar
D:3:      layout_basic, nicolae_hepliaklqana_monster_ancestors,
          gammafunk_ghost_arena, cheibrodos_sewer_entry_sluice
D:4:      layout_basic, marbit_many_paths, serial_shops, shop
D:5:      cheibrodos_iron_armory, layout_cave_pools,
          nicolae_ru_sacrificial_ziggurat, mainiacjoe_overflow_cross_hatched,
          mainiacjoe_overflow_surrounded_room
D:6:      minmay_polygon_palace, layout_cave_pools,
          minmay_temple_entry_enclosed_plants, chequers_avenue,
          nicolae_take_the_stairs, hangedman_decor_opposing

Skill      XL: |  1  2  3  4  5  6  7  8 |
---------------+-------------------------+-----
Spellcasting   | 5 6 |  6.4
Short Blades   | 1 2 3 |  3.9
Long Blades    | 1 2 3 |  3.9
Axes           | 1 2 3 |  3.9
Maces & Flails | 1 2 3 |  3.9
Polearms       | 1 2 3 |  3.9
Staves         | 1 2 3 |  3.9
Ranged Weapons | 1 2 3 |  3.9
Throwing       | 1 2 3 |  3.9
Armour         | 1 2 3 |  3.9
Stealth        | 1 2 3 |  3.9
Shields        | 1 2 3 |  3.9
Invocations    | 1 2 3 4 |  4.2
Evocations     | 1 2 3 |  3.9
Conjurations   | 1 2 3 |  3.2
Hexes          | 1 2 3 |  3.2
Summonings     | 1 2 3 |  3.2
Necromancy     | 1 2 3 |  3.2
Translocations | 1 2 3 |  3.2
Fire Magic     | 1 2 3 |  3.2
Ice Magic      | 1 2 3 |  3.2
Air Magic      | 1 2 3 |  3.2
Earth Magic    | 1 2 3 |  3.2
Poison Magic   | 1 2 3 |  3.2
Fighting       | 3 4 |  4.7
Transmutations | 4 5 |  5.0
Dodging        | 5 6 |  6.1
Unarmed Combat | 7 |  7.7

Action                     |  1- 3 |  4- 6 |  7- 9 || total
---------------------------+-------+-------+-------++-------
  Melee: Unarmed           |    11 |       |       ||    11
         Kick              |    22 |    37 |    22 ||    81
         Headbutt          |    11 |    28 |    25 ||    64
         Punch             |     2 |     7 |     4 ||    13
         Dagger            |    63 |   194 |   107 ||   364
         Bite              |     4 |    12 |    14 ||    30
         Halberd           |       |       |     4 ||     4
   Cast: Beastly Appendage |    15 |    27 |    16 ||    58
         Wereblood         |    10 |    26 |    15 ||    51
 Invoke: Ancestor Life: Ba |       |       |     1 ||     1
  Evoke: Wand              |       |       |     9 ||     9
    Use: Scroll            |       |    11 |     4 ||    15
         Potion            |       |     5 |     1 ||     6
   Stab: Sleeping          |       |     4 |     3 ||     7
 Armour: Robe              |    16 |    48 |    28 ||    92
         Skin              |       |    28 |       ||    28
  Dodge: Dodged            |    42 |   127 |    80 ||   249
